 Dungeon Sprint DCSS version 0.24.0-123-gd5b16e6ec5 (webtiles) character file.

Game seed: 4595992631298170464, levelgen mode: deterministic

58 McKennaii the Zephyrmancer (level 4, -5/24 HPs)
             Began as a Tengu Air Elementalist on Dec 18, 2019.
             Splashed by an oklob sapling priest's acid (14 damage)
             ... in the Dungeon (Sprint IV: "Fedhas' Mad Dash").
             The game lasted 00:00:57 (735 turns).

McKennaii the Zephyrmancer (Tengu Air Elementalist)  Turns: 735, Time: 00:00:59

Health: -5/24      AC:  2    Str:  9    XL:     4   Next: 2%
Magic:  6/9        EV: 13    Int: 16    God:
Gold:   53         SH:  0    Dex: 14    Spells: 8/9 levels left

rFire    . . .     SeeInvis .   (no weapon)
rCold    . . .     Gourm    .   (no shield)
rNeg     . . .     Faith    .   a - +0 robe
rPois    .         Spirit   .   (helmet restricted)
rElec    .         Reflect  .   (no cloak)
rCorr    .         Harm     .   (no gloves)
MR       .....     NoTele   +   (boots unavailable)
Stlth    ++........             j - amulet of invisibility {+Inv}
HPRegen  0.08/turn              (no ring)
MPRegen  0.11/turn              (no ring)

@: no status effects
A: beak, talons 3
a: Evoke Invisibility


You were in the Dungeon.
You were not hungry.

You visited 1 branch You collected 53 gold pieces.

Inventory:

Armour
 a - a +0 robe (worn)
Jewellery
 j - the amulet of invisibility (around neck) {+Inv}
   (You found it in the Dungeon)

   [amulet of nothing]

   It lets you turn invisible.
Scrolls
 b - a scroll of enchant armour {unknown}
 i - a scroll of blinking
Potions
 d - a potion of curing
 e - a potion of heal wounds
 f - a potion of haste
 g - 2 potions of magic
 h - a potion of berserk rage
Comestibles
 c - a ration


   Skills:
 + Level 3.3 Dodging
 + Level 2.7 Stealth
 + Level 3.2 Spellcasting
 + Level 2.0 Conjurations
 * Level 9.0 Air Magic


You had 8 spell levels left.
You knew the following spells:

 Your Spells              Type           Power        Failure   Level  Hunger
a - Shock                 Conj/Air       ###.         1%          1    None

Your spell library contained the following spells:

 Spells                   Type           Power        Failure   Level  Hunger
 Swiftness                Chrm/Air       ###.....     4%          2    ##.....
 Airstrike                Air            ####......   4%          4    ####...
 Static Discharge         Conj/Air       ###.....     6%          3    ###....
 Lightning Bolt           Conj/Air       ###.......   47%         5    ######.


Dungeon Overview and Level Annotations

Branches:
Dungeon (1/1)

Altars:
Cheibriados
Gozag
Hepliaklqana
Makhleb
Nemelex Xobeh
Ru
Sif Muna
Trog
Wu Jian
Xom
Yredelemnul
Beogh
Jiyva

Annotations:
D exclusion: oklob sapling


Innate Abilities, Weirdness & Mutations

You have a beak for a mouth.
You have claws for feet.


Message History

Casting: Shock (safe; 1% risk of failure)
Confirm with . or Enter, or press ? or * to list all spells.
Aiming: Shock (safe; 1% risk of failure)
Press: ? - help, Shift-Dir - straight line, f/p - oklob sapling priest
Aim: an oklob sapling priest The zap hits the oklob sapling priest.
The oklob sapling priest is lightly damaged.
Casting: Shock (safe; 1% risk of failure)
Confirm with . or Enter, or press ? or * to list all spells.
Aiming: Shock (safe; 1% risk of failure)
Press: ? - help, Shift-Dir - straight line, f/p - oklob sapling priest
Aim: an oklob sapling priest (lightly damaged)
The zap hits the oklob sapling priest!
The oklob sapling priest is heavily damaged.
The oklob sapling priest spits acid at you.
The splash of acid hits you!
Ouch! That really hurt!
You are splashed with acid!
Ouch! That really hurt!
You die...

########################
<..P#.....#.....#.⌠._._.
PP..†.[...'.#...@.._._._
PPPP#.....#.#...#..._._P
##############+##.._._._
._._._. #######


You could see an oklob sapling priest.

Vanquished Creatures
  An oklob sapling (D)
  A worker ant (D)
  A river rat (D)
  A rat (D)
4 creatures vanquished.

Notes
Turn   | Place    | Note
-------+----------+-------------------------------------------
     0 | D        | McKennaii the Tengu Air Elementalist began the quest for
                  | the Orb.
     0 | D        | Reached XP level 1. HP: 10/10 MP: 4/4
    14 | D        | Reached skill level 6 in Air Magic
    14 | D        | Reached XP level 2. HP: 8/15 MP: 0/6
   154 | D        | Noticed an oklob sapling
   155 | D        | Killed an oklob sapling
   155 | D        | Reached skill level 8 in Air Magic
   155 | D        | Reached XP level 3. HP: 19/19 MP: 6/8
   176 | D        | Found the amulet of invisibility {+Inv}
   179 | D        | Reached skill level 9 in Air Magic
   179 | D        | Reached XP level 4. HP: 24/24 MP: 5/9
   213 | D        | Found an opulent altar of Gozag.
   213 | D        | Found a hazy altar of Hepliaklqana.
   213 | D        | Found a roughly hewn altar of Beogh.
   213 | D        | Found a snail-covered altar of Cheibriados.
   214 | D        | Found a burning altar of Makhleb.
   214 | D        | Found a sparkling altar of Nemelex Xobeh.
   214 | D        | Found a sacrificial altar of Ru.
   214 | D        | Found a shimmering blue altar of Sif Muna.
   214 | D        | Found a shimmering altar of Xom.
   214 | D        | Found a basalt altar of Yredelemnul.
   215 | D        | Found a viscous altar of Jiyva.
   215 | D        | Found a bloodstained altar of Trog.
   215 | D        | Found an ornate altar of the Wu Jian Council.
   215 | D        | Noticed an oklob sapling priest
   446 | D        | HP: 1/24 [acid (12)]
   735 | D        | Splashed by an oklob sapling priest's acid

Levels and vault maps discovered:
D:        dungeon_sprint_fedhas [sprint_temple]

Skill      XL: |  1  2  3 |
---------------+----------+-----
Air Magic      | 6 8 9 |  9.0
Dodging        | 3 |  3.3
Spellcasting   | 3 |  3.2
Conjurations   | 2 |  2.0
Stealth        | |  2.7

Action                   |  1- 3 |  4- 6 || total
-------------------------+-------+-------++-------
Melee: Unarmed           |     8 |       ||     8
       Kick              |     2 |       ||     2
 Cast: Shock             |     8 |     6 ||    14
Dodge: Dodged            |     5 |       ||     5
